 Dungeon Crawl Stone Soup version 0.23-a0-673-g3803c42f16 (webtiles) character file.

90 D1HalberdGnoll the Gusty (level 4, -7/33 HPs)
             Began as a Draconian Air Elementalist on Jan 9, 2019.
             Mangled by an orc
             ... wielding a +0 flail
              (10 damage)
             ... on level 3 of the Dungeon.
             The game lasted 00:03:03 (2585 turns).

D1HalberdGnoll the Gusty (DrAE)                     Turns: 2585, Time: 00:03:03

Health: -7/33      AC:  5    Str: 15    XL:     4   Next: 32%
Magic:  1/7        EV: 12    Int: 16    God:
Gold:   79         SH:  0    Dex: 12    Spells: 7/8 levels left

rFire    . . .     SeeInvis .   e - +0 club
rCold    . . .     Gourm    .   (no shield)
rNeg     . . .     Faith    .   (armour unavailable)
rPois    .         Spirit   .   (helmet restricted)
rElec    .         Reflect  .   (no cloak)
rCorr    .         Harm     .   (no gloves)
MR       .....                  (no boots)
Stlth    ++........             (no amulet)
HPRegen  0.11/turn              (no ring)
MPRegen  0.10/turn              (no ring)

@: mighty, very slightly contaminated
A: unfitting armour, cold-blooded, AC +5
a: no special abilities


You were on level 3 of the Dungeon.
You were not hungry.

You visited 1 branch of the dungeon, and saw 3 of its levels.

You collected 79 gold pieces.

Inventory:

Hand Weapons
 e - a +0 club (weapon)
 h - a +0 hunting sling
Armour
 l - a +0 pair of gloves
Scrolls
 a - 2 scrolls of identify {unknown}
 j - a scroll of amnesia {unknown}
 n - a scroll of enchant weapon {unknown}
 o - a scroll of blinking {unknown}
 p - 2 scrolls of teleportation {unknown}
 q - a scroll of noise {unknown}
 r - a scroll of fog {unknown}
Potions
 c - a potion of brilliance {unknown}
 d - a potion of mutation {unknown}
 f - 2 potions of cancellation {unknown}
 k - a potion of degeneration {unknown}
 m - a potion of lignification {unknown}
Comestibles
 b - 8 rations
 s - a chunk of flesh


   Skills:
 + Level 2.4 Dodging
 - Level 1.7 Stealth
 + Level 2.5 Spellcasting
 + Level 2.0 Conjurations
 * Level 4.0 Air Magic


You had 7 spell levels left.
You knew the following spells:

 Your Spells              Type           Power        Failure   Level  Hunger
a - Shock                 Conj/Air       ##..         5%          1    #......

Your spell library contained the following spells:

 Spells                   Type           Power        Failure   Level  Hunger
 Swiftness                Chrm/Air       #.......     13%         2    ##.....
 Static Discharge         Conj/Air       ##......     17%         3    ###....
 Airstrike                Air            ###.......   36%         4    #####..
 Lightning Bolt           Conj/Air       ##........   83%         5    ######.


Dungeon Overview and Level Annotations

Branches:
Dungeon (3/15)

Altars:


Innate Abilities, Weirdness & Mutations

Your plain brown scales are hard. (AC +5)
You cannot fit into any form of body armour.
You are cold-blooded and may be slowed by cold attacks.


Message History

You feel very mighty all of a sudden.
Wield which item (- for none, * to show all)? (? for menu, Esc to quit)
e - a +0 club (weapon)
The worm barely misses you.
You hit the worm.
Your tail-slap misses the worm.
The worm is heavily wounded.
You completely miss the worm.
The worm is heavily wounded.
The worm misses you.
You thump the worm!
You kill the worm!
Your Conjurations skill increases to level 2!
You hit the orc but do no damage. You tail-slap the orc.
The orc is lightly wounded.
The orc hits you with a +0 flail!
* * * LOW HITPOINT WARNING * * *
You hit the orc but do no damage.
The orc is lightly wounded.
The orc hits you with a +0 flail!
You die...

### #.##### #.(oo@#####
#.###.....# ######
#.###############(((.(
#....woo.......(..###.
#.....######...(########(
#...#.. #.##.# #.....
#....... #.#.o####+###.
##'.#.#.. ..#(o(........
..........###.#.#w....(.


You could see 2 orcs.

Vanquished Creatures
  An adder (D:2)
  2 oozes (D:1)
  4 worms (D:3)
  5 dart slugs
  An orc (D:3)
  5 giant cockroaches
  6 goblins
  7 hobgoblins
  A quokka (D:3)
  2 bats
  A frilled lizard (D:1)
  8 kobolds
  8 rats
51 creatures vanquished.

Notes
Turn   | Place    | Note
-------+----------+-------------------------------------------
     0 | D:1      | D1HalberdGnoll the Draconian Air Elementalist began the
                  | quest for the Orb.
     0 | D:1      | Reached XP level 1. HP: 14/14 MP: 3/3
   143 | D:1      | Reached XP level 2. HP: 20/20 MP: 1/5
   937 | D:1      | Reached XP level 3. HP: 9/26 MP: 1/6
  2207 | D:3      | Reached XP level 4. HP: 33/33 MP: 7/7
  2251 | D:3      | Reached skill level 4 in Air Magic
  2585 | D:3      | Mangled by an orc

Vault maps used:
D:1:      erik_arrival_gehennom, hangedman_decor_lopped, minmay_splitting_lines,
          kennysheep_small_spiral
D:2:      first_ration, item_on_display_a
D:3:      hangedman_decor_riveting, okawaru_gym_becter

Skill      XL: |  1  2  3  4 |
---------------+-------------+-----
Dodging        | 2 |  2.4
Air Magic      | 4 |  4.0
Conjurations   | 2 |  2.0
Stealth        | |  1.7
Spellcasting   | |  2.5

Action                   |  1- 3 |  4- 6 || total
-------------------------+-------+-------++-------
Melee: Unarmed           |    15 |       ||    15
       Tailslap          |     8 |     1 ||     9
       Club              |    59 |     5 ||    64
 Fire: Hunting sling     |    69 |    51 ||   120
 Cast: Shock             |    40 |    30 ||    70
  Use: Potion            |       |     1 ||     1
  Eat: Chunk             |     5 |     1 ||     6
Armor: Skin              |    24 |     2 ||    26
Dodge: Dodged            |    67 |    16 ||    83

Table legend:
 A = Non-vault XP
 B = Vault XP
 C = Vault XP percentage of total XP
 D = Non-vault monster count
 E = Vault monster count
 F = Vault count percentage of total count
                 A         B        C        D         E       F
            +---------+---------+-------+---------+---------+-------
      Total |     111 |      18 |  14.0 |      46 |       5 |   9.8
            +---------+---------+-------+---------+---------+-------
        D:1 |      26 |      18 |  40.9 |      14 |       5 |  26.3
        D:2 |      37 |       0 |   0.0 |      14 |       0 |   0.0
        D:3 |      48 |       0 |   0.0 |      18 |       0 |   0.0
            +---------+---------+-------+---------+---------+-------
